 Dungeon Crawl Stone Soup version 0.26-a0-652-gafc20e3620 (webtiles) character file.

Game seed: 5035207105343983941

7872 porpoise the Grappler (level 11, -6/102 HPs)
             Began as a Troll Hunter on Oct 3, 2020.
             Was an Elder of Yredelemnul.
             Mangled by a thrashing horror (16 damage)
             ... on level 1 of the Abyss.
             The game lasted 00:48:17 (9525 turns).

porpoise the Grappler (Troll Hunter)                Turns: 9525, Time: 00:48:18

Health: -6/102     AC:  7    Str: 24      XL:     11   Next: 2%
Magic:  13/13      EV: 11    Int:  7 (8)  God:    Yredelemnul [****..]
Gold:   285        SH:  0    Dex: 16      Spells: 10/10 levels left

rFire    . . .     SeeInvis .     - Unarmed
rCold    . . .     Faith    .   (no shield)
rNeg     . . .     Spirit   .   e - +0 robe
rPois    .         Reflect  .   (helmet restricted)
rElec    .         Harm     .   u - +0 cloak
rCorr    +         Rampage  .   (gloves unavailable)
MR       .....     Rnd*Tele +   (boots unavailable)
Stlth    +.........             o - amulet of regeneration
HPRegen  1.07/turn              t - +6 ring of dexterity
MPRegen  0.13/turn              C - ring of resist corrosion

@: heavily drained, very slow
A: large, unfitting armour, claws 3, blurry vision 1, deterioration 1,
regeneration 1, screaming 1, shaggy fur 1, teleportitis 1, tough skin 3
a: Recall Undead Slaves, Injury Mirror, Animate Dead, Drain Life, Renounce
Religion


You were on level 1 of the Abyss.
You worshipped Yredelemnul.
Yredelemnul was greatly pleased with you.
You visited 2 branches of the dungeon, and saw 10 of its levels.
You visited the Abyss 1 time.

You collected 404 gold pieces.
You spent 119 gold pieces at shops.

Inventory:

Hand Weapons
 b - a +0 hunting sling
Missiles
 a - 131 arrows
 c - 4 large rocks
 d - 3 throwing nets
 f - 267 stones
 j - 23 boomerangs (quivered)
 l - 25 poisoned darts
 r - 56 bolts
 H - 46 sling bullets
Armour
 e - a +0 robe (worn)
 u - a +0 cloak (worn)
Jewellery
 o - an amulet of regeneration (around neck)
 t - a +6 ring of dexterity (left claw)
 w - an uncursed ring of magical power
 C - a ring of resist corrosion (right claw)
 E - an uncursed ring of magical power
 K - an uncursed ring of ice
Wands
 s - a wand of paralysis (17)
 v - a wand of enslavement (6)
 A - a wand of iceblast (10)
 N - a wand of flame (19)
 O - a wand of random effects (13)
Scrolls
 g - a scroll of blinking {unknown}
 h - a scroll of vulnerability {unknown}
 i - 3 scrolls of amnesia
 m - 2 scrolls of enchant armour
 x - 2 scrolls of remove curse
 y - 3 scrolls of immolation
 z - 2 scrolls of fog
 D - a scroll of magic mapping {unknown}
 F - a scroll of random uselessness {unknown}
 L - 2 scrolls of identify
 M - 2 scrolls of noise
Potions
 k - 2 potions of haste
 n - 5 potions of curing
 p - 2 potions of flight
 q - a potion of heal wounds
 B - a potion of ambrosia
 G - a potion of stabbing
 I - a potion of mutation


   Skills:
 - Level 5.0(3.2) Fighting
 - Level 3.6(1.9) Throwing
 - Level 5.0(3.2) Dodging
 - Level 0.3(0.0) Stealth
 + Level 13.4(11.2) Unarmed Combat
 - Level 5.0(3.2) Invocations


You had 10 spell levels left.
You didn't know any spells.
Your spell library was empty.

Dungeon Overview and Level Annotations

Branches:
Dungeon (9/15)             Temple (1/1) D:5            Lair (0/6) D:9
    Orc: D:9-12

Altars:
Ashenzari
Cheibriados
Dithmenos
Elyvilon
Fedhas
Gozag
Hepliaklqana
Kikubaaqudgha
Makhleb
Nemelex Xobeh
Okawaru
Qazlal
Ru
Sif Muna
Trog
Uskayaw
Vehumet
Wu Jian
Xom
Yredelemnul
Zin
The Shining One

Shops:
D:5 (   D:8 ?

Annotations:
D:2 exclusion: oklob plant
D:9 Psyche


Innate Abilities, Weirdness & Mutations

You are too large for most types of armour.
You have claws for hands.
Your natural rate of healing is unusually fast.
You are covered in fur. (AC +1)
You have extremely tough skin. (AC +3)
Scrolls take you a little longer to read.
Your body sometimes deteriorates upon taking damage.
You occasionally shout uncontrollably at your foes.
You are occasionally teleported next to monsters.


Message History

The thrashing horror tramples you.
You hold your ground!
The thrashing horror tramples you but does no damage.
You enter the shallow water.
Moving in this stuff is going to be slow.
The thrashing horror tramples you but does no damage.
The thrashing horror misses you. The thrashing horror tramples you!
* * * LOW HITPOINT WARNING * * *
You hold your ground!
The thrashing horror barely misses you.
You closely miss the thrashing horror.
The thrashing horror closely misses you.
The thrashing horror tramples you.
* * * LOW HITPOINT WARNING * * *
You hold your ground!
The thrashing horror tramples you!
* * * LOW HITPOINT WARNING * * *
You hold your ground!
The thrashing horror tramples you.
* * * LOW HITPOINT WARNING * * *
You hold your ground!
You barely miss the thrashing horror. The thrashing horror tramples you!
You die...
Your body rises from the dead as a mindless zombie.

.. ..##... #####.
≈.......#........ # ...
.................## . ..
≈#..... #....#...#.#. .
≈≈≈...≈##...##... . # .#
≈≈≈≈≈≈≈#.....#.§§....###
≈♣≈≈≈≈≈...≈≈.......#. #
..≈≈≈≈≈.≈......§≈###..#
...≈..≈@♣≈.§...≈≈ .. #
.#.....#X≈≈..≈≈§ . .
##...###...##≈. .. .
#.... .....# ..#. .....
........ ..... .§.......
.... §.. .§..... .#.. §
# §...#.§ §§ #


You could see a thrashing horror.

Vanquished Creatures
  3 death yaks (D:9)
  Joseph (D:7)
  2 slime creatures (D:7)
  Eustachio (D:5)
  2 water moccasins
  7 orc warriors
  A sky beast (D:9)
  A black bear (D:8)
  2 phantoms
  3 centaurs
  4 ogres
  3 big kobolds (D:7)
  A scorpion (D:8)
  3 killer bees (D:8)
  18 wights
  4 howler monkeys
  2 bullfrog zombies
  A centaur zombie (D:7)
  5 jellies
  2 centaur skeletons
  6 hounds
  17 orc wizards
  11 orc priests
  3 iguanas
  2 hell rats (D:9)
  7 worker ants
  A hound zombie (D:7)
  A worker ant zombie (D:3)
  8 adders
  10 gnolls
  A shadow imp (D:6)
  5 white imps
  4 ufetubi
  5 oozes
  3 adder skeletons
  An adder zombie (D:6)
  4 worms
  A dart slug (D:2)
  8 leopard geckos
  65 orcs
  5 bats (D:2)
  2 bat zombies (D:2)
  3 giant cockroaches
  4 goblins
  4 hobgoblins
  13 jackals
  13 kobolds
  2 quokkas
  2 ball pythons
  11 frilled lizards
  A jackal zombie (D:5)
  A leopard gecko skeleton (D:6)
  6 rats
  A rat zombie (D:2)
297 creatures vanquished.

Vanquished Creatures (collateral kills)
  An ogre (D:7)
  A big kobold (D:7)
  A wight (D:9)
  A jelly (D:7)
  A hound (D:7)
  An orc wizard (D:9)
  A hell rat (D:9)
  A shadow imp (D:6)
  2 orcs
  4 kobolds (D:7)
  2 quokkas (D:9)
  A quokka skeleton (D:7)
17 creatures vanquished.

Vanquished Creatures (others)
  A mummy (D:9)
  A gnoll zombie (D:7)
  A hell rat skeleton (D:9)
  A hound zombie (D:7)
  2 orc skeletons (D:9)
  9 orc zombies
  A water moccasin zombie (D:7)
  A worker ant zombie (D:8)
  3 fungi (D:7)
  11 plants (D:3)
  29 toadstools
60 creatures vanquished.

Grand Total: 374 creatures vanquished

Notes
Turn   | Place    | Note
-------+----------+-------------------------------------------
     0 | D:1      | porpoise the Troll Hunter began the quest for the Orb.
     0 | D:1      | Reached XP level 1. HP: 19/19 MP: 0/0
   998 | D:2      | Reached skill level 1 in Unarmed Combat
  1004 | D:2      | Reached XP level 2. HP: 28/28 MP: 1/1
  1164 | D:2      | Reached XP level 3. HP: 34/35 MP: 2/2
  1267 | D:2      | Reached skill level 2 in Unarmed Combat
  1703 | D:2      | Found an ancient bone altar of Kikubaaqudgha.
  1812 | D:2      | Found a blossoming altar of Fedhas.
  1832 | D:2      | Noticed an oklob plant
  1984 | D:2      | Found a sparkling altar of Nemelex Xobeh.
  2207 | D:2      | Reached XP level 4. HP: 34/44 MP: 3/3
  2250 | D:3      | Reached skill level 3 in Unarmed Combat
  2331 | D:3      | Reached XP level 5. HP: 53/53 MP: 4/4
  2829 | D:3      | Found a faded altar of an unknown god.
  3298 | D:4      | Reached skill level 4 in Unarmed Combat
  3298 | D:4      | Reached XP level 6. HP: 62/62 MP: 5/5
  4094 | D:5      | Entered Level 5 of the Dungeon
  4095 | D:5      | Found Sibbeas's Weapon Emporium.
  4108 | D:5      | Reached skill level 5 in Unarmed Combat
  4108 | D:5      | Reached XP level 7. HP: 67/71 MP: 6/6
  4256 | D:5      | Reached skill level 5 in Fighting
  4426 | D:5      | Reached skill level 6 in Unarmed Combat
  4773 | D:5      | Found a staircase to the Ecumenical Temple.
  4783 | Temple   | Entered the Ecumenical Temple
  4985 | Temple   | Became a worshipper of Yredelemnul the Dark
  4999 | D:5      | Noticed Eustachio
  5011 | D:5      | Killed Eustachio
  5011 | D:5      | Reached skill level 7 in Unarmed Combat
  5011 | D:5      | Reached XP level 8. HP: 73/80 MP: 7/7
  5379 | D:6      | Reached skill level 8 in Unarmed Combat
  5466 | D:6      | Found an opulent altar of Gozag.
  5812 | D:6      | Reached * piety under Yredelemnul
  5916 | D:6      | Reached XP level 9. HP: 88/88 MP: 8/8
  5968 | D:6      | Reached skill level 9 in Unarmed Combat
  6577 | D:7      | Noticed Joseph
  6596 | D:7      | Killed Joseph
  6596 | D:7      | Reached skill level 5 in Dodging
  6825 | D:7      | Reached ** piety under Yredelemnul
  6827 | D:7      | Reached skill level 10 in Unarmed Combat
  6856 | D:7      | Found a hazy altar of Hepliaklqana.
  7093 | D:7      | Reached skill level 11 in Unarmed Combat
  7518 | D:7      | Reached XP level 10. HP: 69/96 MP: 9/9
  7527 | D:7      | Reached *** piety under Yredelemnul
  7781 | D:8      | Found a shimmering altar of Xom.
  7797 | D:8      | Found a glowing golden altar of the Shining One.
  7798 | D:8      | Found a hide-covered altar of Uskayaw.
  7803 | D:8      | Found a stormy altar of Qazlal.
  7813 | D:8      | Reached skill level 12 in Unarmed Combat
  7819 | D:8      | Found a blossoming altar of Fedhas.
  7820 | D:8      | Found an opulent altar of Gozag.
  8026 | D:8      | Found Buthaosi's Magic Scroll Shoppe.
  8031 | D:8      | Bought a scroll of noise for 14 gold pieces
  8031 | D:8      | Bought a scroll of enchant armour for 105 gold pieces
  8792 | D:9      | Reached skill level 1 in Invocations
  8813 | D:9      | Received a gift from Yredelemnul (a mummy)
  8843 | D:9      | Noticed a death yak
  8862 | D:9      | Killed a death yak
  8862 | D:9      | Reached skill level 13 in Unarmed Combat
  9018 | D:9      | Found a staircase to the Lair.
  9019 | D:9      | Noticed a death yak
  9020 | D:9      | Noticed a death yak
  9028 | D:9      | Killed a death yak
  9039 | D:9      | Killed a death yak
  9043 | D:9      | Reached skill level 5 in Invocations
  9053 | D:9      | Reached **** piety under Yredelemnul
  9053 | D:9      | Reached XP level 11. HP: 13/102 MP: 10/13
  9456 | D:9      | Noticed Psyche
  9464 | D:9      | Cast into level 1 of the Abyss (Psyche)
  9465 | Abyss:1  | Found a corrupted altar of Lugonu.
  9474 | Abyss:1  | Noticed a shining eye
  9477 | Abyss:1  | Gained mutation: Scrolls take you a little longer to read.
                  | [a shining eye]
  9478 | Abyss:1  | Gained mutation: You occasionally shout uncontrollably at
                  | your foes. [a shining eye]
  9479 | Abyss:1  | Gained mutation: Your body sometimes deteriorates upon
                  | taking damage. [a shining eye]
  9486 | Abyss:1  | Noticed a thrashing horror
  9490 | Abyss:1  | Gained mutation: You are occasionally teleported next to
                  | monsters. [a shining eye]
  9493 | Abyss:1  | Found an opulent altar of Gozag.
  9501 | Abyss:1  | Found a corrupted altar of Lugonu.
  9525 | Abyss:1  | Mangled by a thrashing horror

Illustrated notes

Levels and vault maps discovered:
D:1:      minmay_arrival_wavy_path, layout_loops_corners
D:2:      kb_forest_paths, layout_rooms, lemuel_doored_altar,
          lemuel_zombie_altar_kikubaaqudgha, st_stairs_12, tgw_fedhas
D:3:      layout_loops_cross, chequers_ecumenical_altar_lobes,
          minmay_lizard_king
D:4:      layout_basic
D:5:      layout_loops_cross, minmay_temple_entry_hall, serial_shops, shop,
          uniq_eustachio
D:6:      layout_loops_ring, grunt_gozag_statues
D:7:      cheibrodos_fertilizer, layout_basic, nicolae_overflow_crystal_walls,
          corexii_item_surrounded_by_moat, uniq_joseph
D:8:      layout_basic, grunt_temple_overflow_open, serial_shops,
          shop_fountains, brannock_xom_greatest_gift
D:9:      layout_basic, dpeg_lair_monsters,
          kennysheep_orc_monster_closet_entryway, kennysheep_nub, uniq_psyche
Temple:   eino_narrow_crystal_temple
Abyss:1:  base:
D:13

Skill      XL: |  1  2  3  4  5  6  7  8  9 10 |
---------------+-------------------------------+-----
Unarmed Combat | 1 2 3 4 5 7 8 11 13 | 13.4
Fighting       | 2 3 4 5 |  5.0
Dodging        | 4 5 |  5.0
Invocations    | 5 |  5.0
Throwing       | |  3.6
Stealth        | |  0.3

Action                   |  1- 3 |  4- 6 |  7- 9 | 10-12 || total
-------------------------+-------+-------+-------+-------++-------
Melee: Unarmed           |    82 |    99 |   263 |   192 ||   636
       Punch             |       |     1 |    16 |    11 ||    28
 Fire: Hunting sling     |    69 |    95 |   147 |    21 ||   332
Throw: Boomerang         |     2 |     1 |    14 |     7 ||    24
       Large rock        |       |       |     5 |       ||     5
Invok: Animate Remains   |       |       |    19 |       ||    19
       Animate Dead      |       |       |       |    10 ||    10
Evoke: Wand              |       |       |     1 |       ||     1
  Use: Scroll            |       |     8 |     6 |     1 ||    15
       Potion            |       |       |       |     6 ||     6
 Stab: Sleeping          |     1 |       |     2 |     2 ||     5
       Distracted        |       |       |       |     2 ||     2
Armor: Robe              |    39 |    31 |    72 |    51 ||   193
Dodge: Dodged            |    59 |    53 |   156 |   155 ||   423

Table legend: (Time is in decaauts)
 A = Elapsed time spent in this place.
 B = Non-inter-level travel time spent in this place.
 C = Inter-level travel time spent in this place.
 D = Time resting spent in this place.
 E = Time spent auto-exploring this place.
 F = Levels seen in this place.
 G = Mean time per level.
                   A        B        C        D        E       F      G
               +--------+--------+--------+--------+--------+-----+--------+
         Total |   9381 |   9060 |    321 |    949 |   6057 |  11 |  852.8 |
       Dungeon |   9109 |   8816 |    293 |    949 |   5876 |   9 | 1012.1 |
        Temple |    210 |    182 |     28 |      0 |    181 |   1 |  210.0 |
         Abyss |     61 |     61 |      0 |      0 |      0 |   1 |   61.0 |
               +--------+--------+--------+--------+--------+-----+--------+

Top non-repeatable levels by time:
     D:6: 1252 daAuts
     D:2: 1248 daAuts
     D:7: 1209 daAuts
     D:3: 1068 daAuts
     D:8: 1005 daAuts
     D:1: 982 daAuts
     D:5: 840 daAuts
     D:4: 772 daAuts
     D:9: 730 daAuts
  Temple: 210 daAuts
 Abyss:1: 61 daAuts
